 Dungeon Crawl Stone Soup version 0.28-a0-1435-g82390b3a13 (webtiles) character file.

Game seed: 3464445830220446759

917 bande the Chopper (level 8, 0/48 HPs)
             Began as a Gargoyle Fighter on Jan 10, 2022.
             Slain by an orc warrior (12 damage)
             ... on level 6 of the Dungeon.
             The game lasted 00:10:36 (5869 turns).

bande the Chopper (Gargoyle Fighter)                Turns: 5869, Time: 00:10:37

Health: 0/48       AC: 19    Str: 19    XL:     8   Next: 9%
Magic:  8/8        EV:  9    Int: 10    God:
Gold:   21         SH:  0    Dex: 11    Spells: 7/7 levels left

rFire   . . .      SeeInvis .   a - +0 war axe
rCold   . . .      Faith    .   c - +0 buckler
rNeg    + . .      Spirit   .   b - +0 scale mail
rPois   ∞          Reflect  .   (no helmet)
rElec   +          Harm     .   (no cloak)
rCorr   .          Rampage  .   j - +1 pair of gloves
Will    .....                   (no boots)
Stlth   ..........              (no amulet)
HPRegen 0.16/turn               o - +4 ring of protection
MPRegen 0.11/turn               (no ring)

@: confused, mighty, ambrosia-drunk
A: sickness immunity, AC +5, negative energy resistance 1, electricity
resistance, torment resistance 1, petrification resistance
a: no special abilities


You were on level 6 of the Dungeon.
You visited 2 branches of the dungeon, and saw 7 of its levels.

You collected 239 gold pieces.
You spent 218 gold pieces at shops.

Inventory:

Hand Weapons
 a - a +0 war axe (weapon)
 p - a +0 flail of protection
Missiles
 m - a throwing net (quivered)
Armour
 b - a +0 scale mail (worn)
 c - a +0 buckler (worn)
 j - a +1 pair of gloves (worn)
 n - an orb of light
 v - the +0 helmet "Sonituy" {Drain rElec rN+}
   (You bought it in a shop on level 5 of the Dungeon)

   rElec:     It insulates you from electricity.
   rN:        It protects you from negative energy.
   Drain:     It drains your maximum health when unequipped.
Jewellery
 o - a +4 ring of protection (left hand)
Wands
 u - a wand of iceblast (11)
Scrolls
 e - 2 scrolls of amnesia
 h - 2 scrolls of fear
 l - 2 scrolls of teleportation
 q - a scroll of enchant armour
 t - a scroll of brand weapon {unknown}
Potions
 d - a potion of might
 g - 3 potions of resistance
 i - a potion of magic
 k - a potion of degeneration {unknown}
 r - a potion of mutation {unknown}
 s - a potion of curing


   Skills:
 + Level 4.9 Fighting
 + Level 6.2 Axes
 + Level 5.5 Armour
 + Level 4.6 Shields


You had 7 spell levels left.
You didn't know any spells.
Your spell library contained the following spells:

 Spells                   Type           Power      Damage    Failure   Level
 Blink                    Tloc           0%         N/A       91%         2
 Call Canine Familiar     Summ           0%         N/A       99%         3
 Ozocubu's Armour         Ice            0%         N/A       99%         3
 Portal Projectile        Hex/Tloc       0%         N/A       99%         3
 Leda's Liquefaction      Hex/Erth       0%         N/A       100%        4
 Manifold Assault         Tloc           0%         N/A       100%        5
 Metabolic Englaciation   Hex/Ice        0%         N/A       100%        5
 Simulacrum               Ice/Necr       0%         N/A       100%        6
 Storm Form               Tmut/Air       0%         N/A       100%        7


Dungeon Overview and Level Annotations

Branches:
Dungeon (6/15)             Temple (1/1) D:4

Altars:
Ashenzari
Dithmenos
Fedhas
Gozag
Makhleb
Nemelex Xobeh
Qazlal
Ru
Trog
Uskayaw
Vehumet
Xom
Yredelemnul
Zin
The Shining One

Shops:
D:5 *

Annotations:
D:6 Eustachio


Innate Abilities, Weirdness & Mutations

You are immune to sickness and miasma.
Your stone body is resilient. (AC +5)
You are immune to poison.
You resist negative energy. (rN+)
You are resistant to electric shocks. (rElec)
You are resistant to unholy torment.
You are immune to petrification.


Message History

The wight blocks your attack. Eustachio hits you with a +0 rapier.
Eustachio gestures wildly while chanting.
The wight hits you with a +0 falchion.
You closely miss Eustachio.
Eustachio is heavily wounded.
You hit the quasit but do no damage. You hit the wight but do no damage.
You hit the orc warrior but do no damage.
Eustachio hits you with a +0 rapier!
The orc warrior hits you with a +0 long sword!
* * * LOW HITPOINT WARNING * * *
The wight barely misses you. You block Eustachio's attack.
The quasit bites you but does no damage.
The quasit claws you but does no damage. x2
The orc warrior misses you.
You feel better. Eustachio hits you but does no damage.
You block the wight's attack. The quasit closely misses you.
The quasit misses you.
The quasit claws you but does no damage.
Eustachio casts a spell.
Eustachio blinks!
The orc warrior barely misses you.
You are confused.
You feel invigorated. The quasit completely misses you.
The quasit claws you but does no damage. x2
The wight hits you but does no damage. The quasit barely misses you.
The quasit closely misses you. The quasit barely misses you.
The orc warrior hits you with a +0 long sword!
* * * LOW HITPOINT WARNING * * *
You feel very mighty all of a sudden. The wight hits you but does no damage.
The quasit bites you.
* * * LOW HITPOINT WARNING * * *
The quasit claws you but does no damage. x2
The orc warrior hits you with a +0 long sword.
* * * LOW HITPOINT WARNING * * *
Unknown command.
You bump into the rock wall.
The wight closely misses you.
The quasit bites you but does no damage.
The quasit claws you but does no damage. x2
Eustachio hits you but does no damage.
The orc warrior hits you with a +0 long sword!
You die...

.......
##..###..
..?.#)#..
#...###..
#........
#5..... #zo.#
#@@# #5##
#######5####...
...............
#######.####...
##...##
##.....##.>.
#.........#
#..<....###


You could see Eustachio (fast), an orc warrior, a wight, a quasit (summoned), a
white imp (summoned) and a shadow imp (summoned).

Vanquished Creatures
  Edmund (D:5)
  2 sky beasts (D:5)
  An ogre (D:5)
  A scorpion (D:5)
  A water moccasin zombie (D:6)
  A centaur zombie (D:5)
  3 hounds
  A bullfrog zombie (D:5)
  Jessica (D:2)
  2 orc wizards (D:5)
  Terence (D:2)
  A hound zombie (D:5)
  A hound skeleton (D:4)
  7 adders
  A shadow imp (D:6)
  A white imp (D:6)
  A worm (D:5)
  2 dart slugs
  4 orcs (D:5)
  6 bats
  A bat skeleton (D:2)
  7 endoplasms
  3 giant cockroaches
  5 goblins
  8 hobgoblins
  2 quokkas
  3 ball pythons
  A frilled lizard (D:2)
  6 kobolds
  5 rats
80 creatures vanquished.

Notes
Turn   | Place    | Note
-------+----------+-------------------------------------------
     0 | D:1      | bande the Gargoyle Fighter began the quest for the Orb.
     0 | D:1      | Reached XP level 1. HP: 14/14 MP: 1/1
    87 | D:1      | Reached XP level 2. HP: 10/19 MP: 2/2
   470 | D:1      | Reached skill level 2 in Axes
   943 | D:1      | Reached XP level 3. HP: 23/23 MP: 3/3
  1248 | D:1      | Found a faded altar of an unknown god.
  1620 | D:2      | Noticed Terence
  1631 | D:2      | Killed Terence
  1805 | D:2      | Noticed Jessica
  1811 | D:2      | Killed Jessica
  1812 | D:2      | Reached XP level 4. HP: 29/29 MP: 4/4
  1977 | D:2      | Reached skill level 3 in Axes
  3191 | D:3      | Reached XP level 5. HP: 27/33 MP: 5/5
  3487 | D:4      | Found a basalt altar of Yredelemnul.
  3489 | D:4      | Noticed a profane servitor
  3624 | D:4      | Found a staircase to the Ecumenical Temple.
  3661 | Temple   | Entered the Ecumenical Temple
  3784 | D:4      | Found a radiant altar of Vehumet.
  3970 | D:4      | Found a glowing golden altar of the Shining One.
  3972 | D:4      | Noticed an angel
  4043 | D:5      | Entered Level 5 of the Dungeon
  4063 | D:5      | Noticed Edmund
  4085 | D:5      | Killed Edmund
  4086 | D:5      | Reached skill level 4 in Axes
  4086 | D:5      | Reached XP level 6. HP: 20/38 MP: 6/6
  4438 | D:5      | Noticed a sky beast
  4458 | D:5      | Killed a sky beast
  4492 | D:5      | Noticed a sky beast
  4509 | D:5      | Killed a sky beast
  4510 | D:5      | Reached skill level 5 in Axes
  4510 | D:5      | Reached XP level 7. HP: 36/44 MP: 7/7
  4575 | D:5      | Reached skill level 5 in Armour
  5235 | D:5      | Found Pyinext's Assorted Antiques.
  5247 | D:5      | Reached skill level 6 in Axes
  5247 | D:5      | Reached XP level 8. HP: 26/48 MP: 8/8
  5625 | D:6      | Found a stormy altar of Qazlal.
  5839 | D:5      | Bought a fine helmet for 218 gold pieces
  5839 | D:5      | Identified the +0 helmet "Sonituy" {Drain rElec rN+} (You
                  | bought it in a shop on level 5 of the Dungeon)
  5857 | D:6      | Noticed Eustachio
  5869 | D:6      | Slain by an orc warrior

Illustrated notes

Levels and vault maps discovered:
D:1:      lemuel_arrival_behind_the_door_small, layout_loops_ring,
          shapermc_ecumenical_altar_pompeii
D:2:      layout_basic, kennysheep_big_empty_room, minmay_pentomino_s4,
          uniq_terence, uniq_jessica
D:3:      layout_basic, roderic_serpentine_path, nicolae_elevator_lobby_plus
D:4:      layout_basic, grunt_temple_overflow_holy_war,
          mainiacjoe_overflow_six_doors_small, minmay_temple_entry_large_hall
D:5:      layout_basic, serial_shops, nicolae_shop_stone, uniq_edmund
D:6:      layout_rooms, mainiacjoe_overflow_boulevard, sword_in_stone
Temple:   minmay_freezing_vapour_temple

Skill      XL: |  1  2  3  4  5  6  7 |
---------------+----------------------+-----
Axes           | 2 3 4 5 6 |  6.2
Armour         | 4 5 |  5.5
Shields        | 4 |  4.6
Fighting       | 4 |  4.9

Action                   |  1- 3 |  4- 6 |  7- 9 || total
-------------------------+-------+-------+-------++-------
Melee: War axe           |    82 |   186 |   145 ||   413
  Use: Scroll            |     4 |     9 |     1 ||    14
       Potion            |       |       |     3 ||     3
Armor: Scale mail        |    56 |   132 |   124 ||   312
Dodge: Dodged            |    42 |    91 |    69 ||   202
Block: Buckler           |    18 |    51 |    25 ||    94

Table legend: (Time is in decaauts)
 A = Elapsed time spent in this place.
 B = Non-inter-level travel time spent in this place.
 C = Inter-level travel time spent in this place.
 D = Time resting spent in this place.
 E = Time spent auto-exploring this place.
 F = Levels seen in this place.
 G = Mean time per level.
                   A        B        C        D        E       F      G
               +--------+--------+--------+--------+--------+-----+--------+
         Total |   6009 |   5855 |    154 |   1494 |   3260 |   7 |  858.4 |
       Dungeon |   5991 |   5837 |    154 |   1494 |   3249 |   6 |  998.5 |
        Temple |     17 |     17 |      0 |      0 |     11 |   1 |   17.0 |
               +--------+--------+--------+--------+--------+-----+--------+

Top non-repeatable levels by time:
     D:5: 1620 daAuts
     D:1: 1371 daAuts
     D:3: 1109 daAuts
     D:2: 1015 daAuts
     D:4: 608 daAuts
     D:6: 266 daAuts
  Temple: 17 daAuts
